 Dungeon Crawl Stone Soup version 0.21-a0-426-g98080a9 (webtiles) character file.

125 slep the Cudgeler (level 4, -2/34 HPs)
             Began as a Demonspawn Gladiator on Nov 7, 2017.
             Slain by a howler monkey (3 damage)
             ... on level 3 of the Dungeon.
             The game lasted 00:09:27 (2441 turns).

slep the Cudgeler (Demonspawn Gladiator)            Turns: 2441, Time: 00:09:28

Health: -2/34      AC:  9    Str: 15    XL:     4   Next: 82%
Magic:  4/4        EV: 13    Int:  9    God:
Gold:   196        SH:  0    Dex: 15    Spells: 3/3 levels left

rFire    . . .     SeeInvis .   a - +0 flail
rCold    . . .     Gourm    .   (no shield)
rNeg     . . .     Faith    .   b - +0 leather armour
rPois    .         Spirit   .   (helmet restricted)
rElec    .         Reflect  .   (no cloak)
rCorr    .         Harm     .   (no gloves)
MR       .....                  (no boots)
Stlth    +.........             (no amulet)
HPRegen  0.11/turn              h - ring of wizardry
MPRegen  0.09/turn              (no ring)

@: sanguine armour
A: horns 1, sanguine armour 1
a: no special abilities


You were on level 3 of the Dungeon.
You were not hungry.

You visited 1 branch of the dungeon, and saw 4 of its levels.

You collected 196 gold pieces.

Inventory:

Hand Weapons
 a - a +0 flail (weapon)
 B - a +0 dagger of venom
Missiles
 d - 2 throwing nets (quivered)
 k - 38 sling bullets
 l - 33 bolts
 q - 54 arrows
Armour
 b - a +0 leather armour (worn)
 c - a +0 helmet
Jewellery
 h - a ring of wizardry (left hand)
Scrolls
 e - a scroll of noise {unknown}
 i - 3 scrolls of teleportation {unknown}
 j - a scroll of enchant weapon {unknown}
 m - 3 scrolls of identify {unknown}
 o - 4 scrolls of remove curse {unknown}
 r - 4 scrolls of recharging {unknown}
 s - a scroll of fog {unknown}
 t - a scroll of enchant armour {unknown}
 w - a scroll of immolation {unknown}
 y - a scroll of magic mapping {unknown}
 A - a scroll of random uselessness {unknown}
Potions
 v - a potion of agility {unknown}
 z - a potion of mutation {unknown}
Books
 x - a book of the Earth

   Spells                             Type                      Level
   a - Leda's Liquefaction            Hexes/Earth                  4
   b - Bolt of Magma                  Conjuration/Fire/Earth       5
   c - Statue Form                    Transmutation/Earth          6
   d - Iron Shot                      Conjuration/Earth            6
   e - Shatter                        Earth                        9
Comestibles
 f - 2 bread rations
 g - 2 meat rations
 p - 2 royal jellies
 u - 3 fruits


   Skills:
 + Level 2.3 Fighting
 + Level 4.2 Maces & Flails
 + Level 1.9 Throwing
 + Level 0.9 Armour
 + Level 3.3 Dodging
 + Level 0.5 Stealth


You had 3 spell levels left.
You didn't know any spells.

Dungeon Overview and Level Annotations

Branches:
Dungeon (4/15)             Temple (0/1) D:4

Altars:


Innate Abilities, Weirdness & Mutations

You have a pair of small horns on your head.
When seriously injured, your bleeding wounds create armour. (AC +6)


Message History

The orc priest mumbles some strange prayers to Beogh against you.
Beogh smites you!
* * * LOW HITPOINT WARNING * * *
You barely miss the howler monkey.
The howler monkey is moderately wounded.
The howler monkey hoots and howls with incredible vigour!
You hear an angry hiss.
The howler monkey hits you but does no damage.
The orc priest looks braver for a moment.
The howler monkey barely misses you.
You climb upwards.
There is a stone staircase leading down here.
You closely miss the howler monkey. Your headbutt misses the howler monkey.
The howler monkey is moderately wounded.
The howler monkey hits you.
* * * LOW HITPOINT WARNING * * *
You hit the howler monkey.
The howler monkey is heavily wounded.
The howler monkey hits you.
You die...

........####.# #.†..#
.............# #..^.#
........#...## #....#
........#...# #....#
............######....#
........###.#.........# ####
............#.....#.### #...
.(......#####....h#(# ########.##
................@...###........##
.........###.............#####.##
.........# #......###############
.........# #......# #..........
.........# #......###############
.........# #..........#
....<....###..........#
.............##.......#
.......#.######.......#


You could see a howler monkey.

Vanquished Creatures
  3 adders
  4 oozes
  An adder skeleton (D:3)
  2 worms (D:2)
  4 leopard geckos
  An orc (D:4)
  2 ball pythons (D:2)
  8 bats
  4 giant cockroaches
  9 goblins
  6 hobgoblins
  3 jackals (D:1)
  3 quokkas
  3 frilled lizards
  7 kobolds
  7 rats
67 creatures vanquished.

Notes
Turn   | Place    | Note
-------+----------+-------------------------------------------
     0 | D:1      | slep the Demonspawn Gladiator began the quest for the Orb.
     0 | D:1      | Reached XP level 1. HP: 16/16 MP: 1/1
    63 | D:1      | Gained mutation: When seriously injured, your bleeding wounds create armour. (AC +6) [demonic ancestry]
    63 | D:1      | Reached XP level 2. HP: 14/22 MP: 2/2
    66 | D:1      | Reached skill level 3 in Maces & Flails
   271 | D:1      | Reached XP level 3. HP: 26/27 MP: 3/3
   958 | D:2      | Gained mutation: You have a pair of small horns on your head. [demonic ancestry]
   958 | D:2      | Reached XP level 4. HP: 33/33 MP: 4/4
  1088 | D:2      | Reached skill level 4 in Maces & Flails
  2175 | D:4      | Found a staircase to the Ecumenical Temple.
  2440 | D:3      | HP: 1/34 [howler monkey (2)]
  2441 | D:3      | Slain by a howler monkey

Vault maps used:
D:1:      onia_arrival_handbag, nrook_loot_triangle, kennysheep_flooded_box
D:2:      first_bread
D:4:      tgw_trog, minmay_temple_entry_grid

Skill      XL: |  1  2  3  4 |
---------------+-------------+-----
Maces & Flails | 3 4 |  4.2
Dodging        | 3 |  3.3
Fighting       | |  2.3
Throwing       | |  1.9
Armour         | |  0.9
Stealth        | |  0.5

Action                   |  1- 3 |  4- 6 || total
-------------------------+-------+-------++-------
Melee: Flail             |   111 |   101 ||   212
       Headbutt          |       |    11 ||    11
Throw: Throwing net      |     1 |       ||     1
 Stab: Sleeping          |     1 |     2 ||     3
  Eat: Chunk             |       |     5 ||     5
Armor: Leather armour    |    29 |    26 ||    55
Dodge: Dodged            |    73 |    81 ||   154

Table legend:
 A = Spawn XP
 B = Non-spawn XP
 C = Spawn XP percentage of total XP
 D = Spawn monster count
 E = Non-spawn monster count
 F = Spawn count percentage of total count
 G = Total turns spent on level
                    A         B        C        D         E        F      G
               +---------+---------+-------+---------+---------+-------+---------
         Total |       0 |     179 |   0.0 |       0 |      67 |   0.0 |  2441
               +---------+---------+-------+---------+---------+-------+---------
           D:1 |       0 |      41 |   0.0 |       0 |      17 |   0.0 |   534
           D:2 |       0 |      91 |   0.0 |       0 |      32 |   0.0 |   783
           D:3 |       0 |      31 |   0.0 |       0 |      16 |   0.0 |  1082
           D:4 |       0 |      16 |   0.0 |       0 |       2 |   0.0 |    42
               +---------+---------+-------+---------+---------+-------+---------
